 Dungeon Crawl Stone Soup version 0.25.1-2-g60ff931df9 (webtiles) character file.

Game seed: 9309586726690633920

3175 Delamore the Basher (level 9, -1/54 HPs)
             Began as a Gargoyle Fighter on Oct 10, 2020.
             Was a Follower of Okawaru.
             Slain by a seven-headed hydra (11 damage)
             ... on level 8 of the Dungeon.
             The game lasted 00:07:42 (7606 turns).

Delamore the Basher (Gargoyle Fighter)              Turns: 7606, Time: 00:07:43

Health: -1/54      AC: 19    Str: 24    XL:     9   Next: 95%
Magic:  7/9        EV: 11    Int:  8    God:    Okawaru [*.....]
Gold:   192        SH: 12    Dex:  9    Spells: 8/8 levels left

rFire    . . .     SeeInvis .   i - +0 whip (venom)
rCold    . . .     Gourm    .   c - +0 kite shield
rNeg     + . .     Faith    .   b - +0 scale mail
rPois    ∞         Spirit   .   t - +0 helmet
rElec    +         Reflect  .   F - scarf {+Inv}
rCorr    .         Harm     .   q - +0 pair of gloves
MR       +....                  o - +0 pair of boots
Stlth    ++........             h - amulet of the acrobat
HPRegen  0.18/turn              N - ring of stealth
MPRegen  0.11/turn              H - ring of protection from magic

@: heroism
A: negative energy resistance 1, electricity resistance, unbreathing,
petrification resistance, rot immunity, AC +6
a: Heroism, Renounce Religion, Evoke Invisibility


You were on level 8 of the Dungeon.
You worshipped Okawaru.
Okawaru was aware of your devotion.
You were not hungry.

You visited 2 branches of the dungeon, and saw 9 of its levels.
You also visited: Ossuary.

You collected 408 gold pieces.
You spent 216 gold pieces at shops.

Inventory:

Hand Weapons
 a - a +0 flail
 i - a +0 whip of venom (weapon)
Missiles
 E - 6 javelins (quivered)
Armour
 b - a +0 scale mail (worn)
 c - a +0 kite shield (worn)
 o - a +0 pair of boots (worn)
 q - a +0 pair of gloves (worn)
 t - a +0 helmet (worn)
 A - a +0 cloak
 F - a scarf of invisibility (worn)
Jewellery
 h - an amulet of the acrobat (around neck)
 k - a +6 ring of intelligence
 s - an uncursed ring of ice
 H - a ring of protection from magic (right hand)
 N - a ring of stealth (left hand)
Wands
 x - a wand of polymorph (6)
Scrolls
 j - 5 scrolls of teleportation {unknown}
 m - 5 scrolls of remove curse
 n - 2 scrolls of fear {unknown}
 r - 3 scrolls of magic mapping {unknown}
 u - a scroll of fog
 v - 2 scrolls of enchant weapon {unknown}
 y - a scroll of enchant armour
 C - 2 scrolls of blinking
 G - a scroll of amnesia {unknown}
 I - a scroll of holy word
 J - a scroll of brand weapon {unknown}
 K - a scroll of immolation
 M - a scroll of silence
 R - a scroll of torment
Potions
 d - a potion of might
 e - 4 potions of degeneration
 g - 3 potions of brilliance
 l - 2 potions of invisibility {unknown}
 p - 2 potions of flight {unknown}
 w - a potion of haste
 z - 4 potions of lignification
 B - 4 potions of curing
 D - 2 potions of stabbing {unknown}
 L - a potion of cancellation {unknown}
 O - a potion of magic {unknown}
 Q - a potion of resistance {unknown}
Comestibles
 f - 14 rations
 P - 4 chunks of flesh


   Skills:
 - Level 5.0(10.0) Fighting
 + Level 12.1(17.1) Maces & Flails
 - Level 5.0(10.0) Armour
 - Level 5.0(10.0) Shields


You had 8 spell levels left.
You didn't know any spells.
Your spell library contained the following spells:

 Spells                   Type           Power        Failure   Level  Hunger
 Animate Skeleton         Necr           N/A          86%         1    ##.....
 Apportation              Tloc           #.....       86%         1    ##.....
 Corona                   Hex            #......      86%         1    ##.....
 Summon Small Mammal      Summ           #...         86%         1    ##.....


Dungeon Overview and Level Annotations

Branches:
Dungeon (8/15)             Temple (1/1) D:6         Ossuary (visited)
   Lair: D:8-11

Altars:
Ashenzari
Cheibriados
Dithmenos
Fedhas
Gozag
Hepliaklqana
Kikubaaqudgha
Makhleb
Nemelex Xobeh
Okawaru
Qazlal
Ru
Sif Muna
Trog
Uskayaw
Vehumet
Wu Jian
Xom
Yredelemnul
Zin
The Shining One

Shops:
D:5 *[[   D:8 [


Innate Abilities, Weirdness & Mutations

You are resistant to torment.
Your stone body is resilient. (AC +6)
You are immune to poison.
You resist negative energy. (rN+)
You are resistant to electric shocks. (rElec)
You can survive without breathing.
You are immune to petrification.
You are immune to rotting.


Message History

The seven-headed hydra bites you but does no damage.
The seven-headed hydra barely misses you.
The seven-headed hydra bites you but does no damage. x2
You hit the seven-headed hydra.
The seven-headed hydra is moderately wounded.
You gain the combat prowess of a mighty hero.
The seven-headed hydra bites you!
You block the seven-headed hydra's attack.
The seven-headed hydra bites you!
* * * LOW HITPOINT WARNING * * *
The seven-headed hydra bites you but does no damage. x2
You block the seven-headed hydra's attack.
The seven-headed hydra bites you.
* * * LOW HITPOINT WARNING * * *
It was a potion of curing.
You feel better.
The seven-headed hydra bites you but does no damage.
The seven-headed hydra bites you!
* * * LOW HITPOINT WARNING * * *
The seven-headed hydra bites you!
You die...

#...# .. #...#
..... #...# .....
#...###....
#........####
#............
##............
#.=...........
#@###......... #D#
#.÷.......
#.###.........####
#.#.......###.....
..#.####### #.....
#.#.# #..... .(#.#
#..... #..####.#
#.....
#.......#####
#.....


You could see a seven-headed hydra (very poisoned).

Vanquished Creatures
  Sigmund (D:3)
  Menkaure (D:7)
  A water moccasin (D:6)
  An ice beast (D:8)
  An orc warrior (D:6)
  2 sky beasts
  A black bear (D:6)
  A phantom (D:4)
  2 ogres
  4 centaurs
  2 bullfrogs
  13 scorpions
  2 howler monkeys
  A centaur zombie (Ossuary)
  3 hounds
  A jelly (D:6)
  A human zombie (Ossuary)
  4 orc priests
  A centaur skeleton (D:8)
  2 iguanas
  4 orc wizards
  4 worker ants
  A big kobold zombie (Ossuary)
  A hound skeleton (D:5)
  3 mummies (Ossuary)
  Robin (D:2)
  4 gnolls (D:4)
  A worker ant zombie (D:3)
  7 adders
  2 scorpion zombies (Ossuary)
  2 shadow imps
  An ooze (D:3)
  An adder zombie (D:8)
  2 worms (D:4)
  2 dart slugs (D:2)
  8 leopard geckos
  15 orcs
  9 giant cockroaches
  2 gnoll zombies (Ossuary)
  6 hobgoblins
  16 jackals
  9 kobolds
  A quokka (D:5)
  3 ball pythons
  5 bats
  5 frilled lizards
  14 goblins
  A goblin zombie (Ossuary)
  4 hobgoblin zombies (Ossuary)
  2 kobold zombies (Ossuary)
  2 leopard gecko skeletons
  4 orc zombies (Ossuary)
  3 rats
  A plant (D:1)
191 creatures vanquished.

Notes
Turn   | Place    | Note
-------+----------+-------------------------------------------
     0 | D:1      | Delamore the Gargoyle Fighter began the quest for the Orb.
     0 | D:1      | Reached XP level 1. HP: 14/14 MP: 1/1
    91 | D:1      | Reached XP level 2. HP: 19/19 MP: 2/2
   833 | D:1      | Reached XP level 3. HP: 21/24 MP: 3/3
  1358 | D:2      | Found a stormy altar of Qazlal.
  1372 | D:2      | Found a burning altar of Makhleb.
  1389 | D:2      | Reached XP level 4. HP: 28/29 MP: 4/4
  1447 | D:2      | Found a sacrificial altar of Ru.
  1460 | D:2      | Noticed Robin
  1493 | D:2      | Killed Robin
  1493 | D:2      | Reached skill level 3 in Maces & Flails
  1841 | D:3      | Noticed Sigmund
  1858 | D:3      | Killed Sigmund
  1858 | D:3      | Reached skill level 5 in Fighting
  1858 | D:3      | Reached skill level 4 in Maces & Flails
  1858 | D:3      | Reached skill level 5 in Shields
  1858 | D:3      | Reached XP level 5. HP: 27/35 MP: 5/5
  1858 | D:3      | Reached XP level 6. HP: 31/40 MP: 6/6
  2728 | D:4      | Reached skill level 5 in Maces & Flails
  2956 | D:4      | Reached XP level 7. HP: 44/44 MP: 7/7
  3290 | D:4      | Reached skill level 6 in Maces & Flails
  3823 | D:5      | Entered Level 5 of the Dungeon
  3826 | D:5      | Found Jioclaoc's General Store.
  3901 | D:5      | Bought 2 scrolls of identify for 48 gold pieces
  4089 | D:5      | Reached skill level 7 in Maces & Flails
  4117 | D:5      | Found an ancient bone altar of Kikubaaqudgha.
  4370 | D:5      | Reached XP level 8. HP: 46/49 MP: 8/8
  4556 | D:5      | Found Goleah's Antique Armour Shoppe.
  4562 | D:5      | Bought a glowing scarf for 168 gold pieces
  4598 | D:5      | Found Xaawkaifim's Armour Emporium.
  4645 | D:6      | Found a staircase to the Ecumenical Temple.
  4718 | D:5      | Reached skill level 8 in Maces & Flails
  4977 | D:6      | Reached skill level 5 in Armour
  4980 | D:6      | Reached skill level 9 in Maces & Flails
  5152 | D:6      | Found a sand-covered staircase.
  5157 | Ossuary  | Entered an ossuary
  5314 | Ossuary  | Reached XP level 9. HP: 50/54 MP: 9/9
  5449 | Ossuary  | Reached skill level 10 in Maces & Flails
  6123 | Temple   | Entered the Ecumenical Temple
  6314 | Temple   | Became a worshipper of Warmaster Okawaru
  6370 | D:6      | Reached skill level 11 in Maces & Flails
  6713 | D:7      | Noticed Menkaure
  6729 | D:7      | Killed Menkaure
  6729 | D:7      | Reached * piety under Okawaru
  7325 | D:7      | Found a glowing silver altar of Zin.
  7372 | D:8      | Found Plog's Armour Emporium.
  7567 | D:8      | Reached skill level 12 in Maces & Flails
  7594 | D:8      | Noticed a seven-headed hydra
  7606 | D:8      | Slain by a seven-headed hydra

Illustrated notes

Levels and vault maps discovered:
D:1:      lemuel_arrival_river_ford, layout_loops_ring, lexackson_kobold_supper
D:2:      layout_rooms, marbit_many_paths, grunt_temple_overflow_open,
          uniq_robin
D:3:      layout_basic, minmay_misc_feat_enclosed, st_stairs_12,
          hangedman_abyss_or_decor_lesser_grid, uniq_sigmund
D:4:      layout_basic
D:5:      layout_loops_ring, kiku_gazebo_pond_becter, serial_shops,
          nicolae_shop_crystal, shop, shop, first_ration
D:6:      layout_cave_pools, temple_fountains, enter_ossuary_2
D:7:      lemuel_upstairs_altar, layout_rooms, zin_statuary, uniq_menkaure
D:8:      layout_basic, serial_shops, shop_fountains
Temple:   eino_temple_scatter_basement

Skill      XL: |  1  2  3  4  5  6  7  8  9 |
---------------+----------------------------+-----
Fighting       | 4 5 |  5.0
Shields        | 4 5 |  5.0
Maces & Flails | 4 5 7 9 12 | 12.1
Armour         | 5 |  5.0

Action                   |  1- 3 |  4- 6 |  7- 9 || total
-------------------------+-------+-------+-------++-------
Melee: Flail             |   120 |       |       ||   120
       Whip              |    17 |   148 |   711 ||   876
Throw: Javelin           |       |       |     2 ||     2
Invok: Heroism           |       |       |     1 ||     1
  Use: Scroll            |       |       |    11 ||    11
       Potion            |       |       |     1 ||     1
  Eat: Chunk             |     2 |     5 |    12 ||    19
       Ration            |       |       |     1 ||     1
Armor: Scale mail        |    81 |    66 |   318 ||   465
Dodge: Dodged            |    57 |    53 |   176 ||   286
Block: Kite shield       |    90 |    77 |   316 ||   483
